 Dungeon Crawl Stone Soup version 0.18-a0-1291-g395b48e (webtiles) character file.

982 Herrn the Cleaver (level 8, 0/68 HPs)
             Began as a Formicid Fighter on Feb 9, 2016.
             Killed by nerve-wracking pain
             ... invoked by an orc priest
              (11 damage)
             ... on level 4 of the Dungeon.
             The game lasted 00:07:18 (2836 turns).

Herrn the Cleaver (Formicid Fighter)                Turns: 2836, Time: 00:07:18

Health: 0/68       AC:  8    Str: 23    XL:     8   Next: 40%
Magic:  7/10       EV: 16    Int:  8    God:
Gold:   109        SH: 11    Dex: 10    Spells: 0 memorised, 7 levels left

rFire  . . .     SeeInvis +     a - +0 war axe
rCold  . . .     Gourm    .     b - +0 scale mail
rNeg   . . .     Faith    .     c - +0 shield
rPois  .         Spirit   .     (helmet unavailable)
rElec  .         Dismiss  .     (no cloak)
rCorr  .         Reflect  .     (no gloves)
SustAt .         Harm     .     (no boots)
MR     .....                    (no amulet)
Stlth  ..........               v - +4 ring of evasion
                                o - ring of flight

@: not resistant to hostile enchantments, extremely unstealthy
A: permanent stasis, dig shafts and tunnels, four strong arms, antennae 3
a: Dig, Shaft Self, Evoke Flight


You were on level 4 of the Dungeon.
You were hungry.

You visited 1 branch of the dungeon, and saw 4 of its levels.

You collected 109 gold pieces.

Inventory:

Hand Weapons
 a - a +0 war axe (weapon)
 u - a +2 flail of protection
Armour
 b - a +0 scale mail (worn)
 c - a +0 shield (worn)
 y - a +0 chain mail
Jewellery
 o - a ring of flight (left hand)
 v - a +4 ring of evasion (right hand)
 w - a cursed ring of loudness {unknown}
Wands
 q - a wand of iceblast (6/15)
Scrolls
 i - 4 scrolls of magic mapping
 j - 2 scrolls of remove curse {unknown}
 n - a scroll of identify {unknown}
 p - 2 scrolls of teleportation {unknown}
 x - a scroll of immolation {unknown}
Potions
 d - a potion of might
 e - 2 potions of invisibility
 k - a potion of lignification
 r - a potion of heal wounds {unknown}
 t - a potion of agility {unknown}
Comestibles
 f - 4 bread rations
 g - a slice of pizza
 s - a meat ration


   Skills:
 + Level 7.9 Fighting
 * Level 9.8 Axes
 + Level 8.1 Armour
 + Level 5.9 Dodging
 + Level 8.9 Shields
 + Level 3.5 Evocations


You had 7 spell levels left.
You didn't know any spells.

Dungeon Overview and Level Annotations

Branches:
Dungeon (4/15)
 Temple: D:4-7

Altars:
Fedhas
Makhleb
Xom

Shops:
D:4 (


Innate Abilities, Weirdness & Mutations

You are under a permanent stasis effect.
You can dig through walls and to a lower floor.
Your four strong arms can wield two-handed weapons with a shield.
You have a pair of large antennae on your head (SInv).


Message History

The orc is moderately wounded.
You hit the centaur.
You kill the centaur!
The orc misses you. The orc priest barely misses you.
Unknown command.
You slash the orc priest!
The orc priest is heavily wounded.
You closely miss the orc.
The orc is moderately wounded.
The orc hits you.
* * * LOW HITPOINT WARNING * * *
The orc priest miscasts a cantrip.
You hit the orc priest.
The orc priest is severely wounded.
You barely miss the orc.
The orc is moderately wounded.
You block the orc's attack.
The orc priest calls down the wrath of Beogh upon you.
Pain shoots through your body!
You die...

#.# #..#...# #.#*##∩.∩..#
#..###.....####
,#...#∩.∩.....## **#******
,*##..#..#.##..##
**#..,,,,,*** ,*
##....#.###..####...#****,,,**
**
###......((......'#******+,,*
#.#.......)o...#,,,*,,,**,*
**#.#.#.....@)..##,>,*,>,**,*
*,....#....#.o..#*,,,*,,,**,*
*.#..#######....#**********,*
#?#.## #....#*,,,*,,,**,*
#,#.# #....#*,∩,*,>,**,* *,..#
#.....*,,,*,,,**,* *,***
#####.+*******+*,, *** *##*
*,,**, **,**,,


You could see an orc priest and an orc.

Vanquished Creatures
  A centaur (D:4)
  A scorpion (D:4)
  An orc priest (D:4)
  An orc wizard (D:4)
  3 adders
  5 gnolls
  A worm (D:3)
  A giant gecko (D:3)
  3 orcs (D:4)
  10 bats
  6 giant cockroaches
  11 goblins
  7 hobgoblins
  4 jackals (D:1)
  2 quokkas
  2 ball pythons (D:1)
  A giant gecko skeleton (D:4)
  6 giant newts
  3 kobolds
  9 rats
78 creatures vanquished.

Notes
Turn   | Place    | Note
--------------------------------------------------------------
     0 | D:1      | Herrn the Formicid Fighter began the quest for the Orb.
     0 | D:1      | Reached XP level 1. HP: 18/18 MP: 1/1
   164 | D:1      | Reached XP level 2. HP: 24/24 MP: 2/2
   318 | D:1      | Reached skill level 4 in Shields
   539 | D:1      | Reached XP level 3. HP: 27/29 MP: 3/3
   871 | D:1      | Reached XP level 4. HP: 37/37 MP: 4/4
  1036 | D:2      | Found a blossoming altar of Fedhas.
  1058 | D:2      | Found a shimmering altar of Xom.
  1340 | D:2      | Reached skill level 1 in Dodging
  1671 | D:3      | Found a burning altar of Makhleb.
  1991 | D:3      | Reached XP level 5. HP: 14/42 MP: 5/5
  2779 | D:4      | Reached XP level 6. HP: 29/48 MP: 6/6
  2785 | D:4      | Found Duoty's Weapon Boutique.
  2828 | D:4      | Reached skill level 6 in Fighting
  2828 | D:4      | Reached skill level 8 in Axes
  2828 | D:4      | Reached XP level 7. HP: 11/59 MP: 7/7
  2832 | D:4      | Reached skill level 9 in Axes
  2832 | D:4      | Reached skill level 5 in Dodging
  2832 | D:4      | Reached XP level 8. HP: 16/68 MP: 7/10
  2836 | D:4      | Killed from afar by an orc priest

Vault maps used:
D:1:      dpeg_chamrin_arrival_tetris, st_stairs_5, minmay_unequal
D:2:      overflow_temple_1_default, marbit_many_paths
D:3:      nicolae_overflow_hidden_temple
D:4:      serial_shops, nicolae_shop_competitors_out_of_business,
          nicolae_ossuary_entry_false_entrances, uniq_sigmund, uniq_grinder

Action                   |  1- 3 |  4- 6 |  7- 9 || total
-------------------------+-------+-------+-------++-------
Melee: War axe           |    84 |   161 |     4 ||   249
 Abil: Dig               |       |     3 |       ||     3
  Use: Potion            |       |     5 |     4 ||     9
       Scroll            |       |     1 |       ||     1
  Eat: Chunk             |       |     5 |       ||     5
       Fruit             |       |     1 |       ||     1
